 Dungeon Crawl Stone Soup version 0.20.1-1-g8b1a95d (webtiles) character file.

15 Firecrotchwizard the Firebug (level 2, -4/20 HPs)
             Began as a Draconian Fire Elementalist on Oct 24, 2017.
             Killed from afar by Natasha (7 damage)
             ... with a magic dart
             ... on level 2 of the Dungeon.
             The game lasted 00:02:28 (989 turns).

Firecrotchwizard the Firebug (DrFE)                  Turns: 989, Time: 00:02:29

Health: -4/20      AC:  6    Str: 10    XL:     2   Next: 34%
Magic:  2/5        EV: 12    Int: 15    God:
Gold:   86         SH:  0    Dex: 11    Spells: 4/5 levels left

rFire    . . .     SeeInvis .   f - +4 dagger
rCold    . . .     Gourm    .   (no shield)
rNeg     . . .     Faith    .   (armour unavailable)
rPois    .         Spirit   .   l - +2 hat
rElec    .         Reflect  .   (no cloak)
rCorr    .         Harm     .   (no gloves)
MR       .....                  (no boots)
Stlth    ++........             (no amulet)
Regen    0.1/turn               (no ring)
MPRegen  0.1/turn               (no ring)

@: slowed, very slow
A: unfitting armour, cold-blooded, AC +4
a: no special abilities


You were on level 2 of the Dungeon.
You were not hungry.

You visited 1 branch of the dungeon, and saw 2 of its levels.

You collected 86 gold pieces.

Inventory:

Hand Weapons
 f - a +4 dagger (weapon)
   (You took it off a kobold on level 1 of the Dungeon)
Missiles
 j - 31 poisoned needles
Armour
 l - a +2 hat (worn)
   (You found it on level 2 of the Dungeon)
Scrolls
 d - 3 scrolls of teleportation {unknown}
 e - a scroll of remove curse {unknown}
 k - 3 scrolls of identify {unknown}
Potions
 g - a potion of haste
 h - a potion of cancellation {unknown}
 i - 2 potions of flight {unknown}
Books
 a - a book of Flames
Comestibles
 b - 2 bread rations {@e1}
 c - a meat ration {@e2}


   Skills:
 - Level 1.7 Dodging
 - Level 1.7 Stealth
 - Level 2.0 Spellcasting
 * Level 2.2 Conjurations
 + Level 3.1 Fire Magic


You had 4 spell levels left.
You knew the following spells:

 Your Spells              Type           Power        Failure   Level  Hunger
a - Flame Tongue          Conj/Fire      #....        8%          1    #......


Dungeon Overview and Level Annotations

Branches:
Dungeon (2/15)

Altars:

Annotations:
D:2 Natasha


Innate Abilities, Weirdness & Mutations

Your plain brown scales are hard. (AC +4)
You cannot fit into any form of body armour.
You are cold-blooded and may be slowed by cold attacks.


Message History

The kobold throws a stone.
The stone closely misses you.
The kobold throws a stone.
The stone completely misses you. The bat closely misses you.
The bat barely misses you.
The kobold throws a stone.
The stone hits you.
You see here a stone.
You take 1 damage, and have 19/20 hp.
You miss the bat. The bat closely misses you. x2
You hit the bat but do no damage. The bat closely misses you.
You barely miss the bat. The bat misses you.
The bat hits you but does no damage. The bat barely misses you.
You barely miss the bat. The bat hits you. The bat hits you but does no damage.
You take 1 damage, and have 18/20 hp.
You barely miss the bat. The bat closely misses you.
The kobold barely misses you.
You hit the kobold. The bat hits you but does no damage.
The kobold hits you but does no damage.
You completely miss the kobold. The bat barely misses you.
The teleport trap disappears.
The bat disappears!
The kobold barely misses you.
You closely miss the kobold. The kobold closely misses you.
You completely miss the kobold. The kobold hits you with a short sword.
You take 4 damage, and have 15/20 hp.
You hit the kobold.
You kill the kobold!
No target in view!
No target in view!
You start resting.
Health restored: 20 You now have 72 gold pieces (gained 15).
l - an embroidered hat You now have 80 gold pieces (gained 8).
You start putting on your armour.
You continue putting on your embroidered hat. x4
You finish putting on your +2 hat.
You open the door.
There is an open door here.
b - 2 bread rations {@e1} (gained 1)
You now have 86 gold pieces (gained 6).
Found an escape hatch in the floor.
Natasha, Servant of Life and Death comes into view.
Natasha hisses angrily.
The bat hits you but does no damage.
Natasha drinks a potion.
Natasha seems to speed up.
The bat closely misses you. The bat hits you.
You take 1 damage, and have 19/20 hp.
You hit the bat.
You kill the bat!
Aim: Natasha (fast)
The flame tongue hits Natasha.
Natasha misses you.
Natasha mumbles some strange words.
Natasha glows brightly for a moment.
Natasha casts a spell at you. You resist with significant effort.
You now have 4/5 mp.
Aim: Natasha (lightly wounded, fast)
The flame tongue misses Natasha.
Natasha casts a spell at you. The magic dart hits you!
You take 6 damage, and have 13/20 hp.
MASSIVE DAMAGE!!
You now have 3/5 mp.
Aim: Natasha (lightly wounded, fast)
The flame tongue misses Natasha.
Natasha casts a spell at you.
You feel yourself slow down. Natasha closely misses you.
You now have 2/5 mp.
Aim: Natasha (lightly wounded, fast)
The flame tongue hits Natasha.
Natasha claws you. x2
You take 2 damage, and have 11/20 hp.
You now have 1/5 mp.
You barely miss Natasha. Natasha claws you!
* * * LOW HITPOINT WARNING * * *
Natasha barely misses you.
You take 8 damage, and have 3/20 hp.
MASSIVE DAMAGE!!
You hit Natasha.
Your tail-slap misses Natasha.
Natasha closely misses you. Natasha misses you. Natasha barely misses you.
You barely miss Natasha. Natasha casts a spell at you.
You resist with significant effort.
Natasha mumbles some strange words.
Natasha shimmers violently.
Natasha stares at you and mumbles some strange words.
You feel as though you will be slow longer.
You barely miss Natasha.
Natasha stares at you and mumbles some strange words.
The magic dart hits you!
* * * LOW HITPOINT WARNING * * *
Natasha casts a spell.
You hear a shout!
You take 1 damage, and have 2/20 hp.
You hit Natasha but do no damage.
Your tail-slap misses Natasha.
You hear an angry hiss.
You hear a shout!
You hear an angry hiss.
Natasha misses you. Natasha casts a spell at you.
You resist with significant effort.
You closely miss Natasha. Natasha casts a spell at you.
The magic dart hits you!
You die...

#......... #........
#....... #...... .....
$h. #.##############
######.#@............
.......5h.............
.######.#.####.#######
#.#.# #.##########
>.#.####.#...#....#
..........'........+
....#.#.##.#........#
#....#.# #.#........#
#....#.# #.####.....#


You could see Natasha and a crimson imp.

Vanquished Creatures
  A leopard gecko (D:1)
  A bat (D:2)
  6 goblins (D:1)
  4 kobolds
  A rat (D:1)
13 creatures vanquished.

Notes
Turn   | Place    | Note
-------+----------+-------------------------------------------
     0 | D:1      | Firecrotchwizard the Draconian Fire Elementalist began the quest for the Orb.
     0 | D:1      | Reached XP level 1. HP: 14/14 MP: 3/3
     6 | D:1      | Noticed a hog
     6 | D:1      | Noticed a five-headed hydra
     6 | D:1      | Noticed a worker ant
     8 | D:1      | Noticed a salamander
     8 | D:1      | Noticed a black bear
   217 | D:1      | Reached skill level 2 in Conjurations
   286 | D:1      | Reached XP level 2. HP: 20/20 MP: 3/5
   976 | D:2      | Noticed Natasha
   984 | D:2      | HP: 3/20 [Natasha (8)]
   989 | D:2      | Noticed a crimson imp
   989 | D:2      | Killed from afar by Natasha

Skill      XL: |  1 |
---------------+----+-----
Conjurations   | 2 |  2.2
Dodging        | |  1.7
Stealth        | |  1.7
Spellcasting   | |  2.0
Fire Magic     | |  3.1

Action                   || total
-------------------------++-------
Melee: Dagger            ||    26
       Tailslap          ||     1
 Cast: Flame Tongue      ||    14
Armor: Skin              ||     8
Dodge: Dodged            ||    27

Vault maps used:
D:1:      onia_arrival_zoo_common, st_stairs_12, minmay_misc_feat_tiny
D:2:      nicolae_overflow_hidden_temple, first_bread, bh_walls_and_bars,
          uniq_terence, uniq_natasha

Table legend:
 A = Turns spent in this place as a percentage of turns spent in the entire game.
 B = Non-inter-level travel turns spent in this place as a percentage of non-inter-level travel turns spent in the entire game.
 C = Inter-level travel turns spent in this place as a percentage of turns spent in this place.
 D = Turns resting spent in this place as a percentage of non-inter-level travel turns spent in this place.
 E = Turns spent auto-exploring this place as a percentage of non-inter-level travel turns spent in this place.
 F = Non-inter-level travel turns spent in this place divided by the number of levels of this place that you've seen.
                   A       B       C       D       E      F
               +-------+-------+-------+-------+-------+----------------------
         Total | 100.0 | 100.0 |   0.6 |   9.6 |  15.7 |  83.0
       Dungeon | 100.0 | 100.0 |   0.6 |   9.6 |  15.7 |  83.0
               +-------+-------+-------+-------+-------+----------------------

Table legend:
 A = Kills in this place as a percentage of kills in entire the game.
 B = Kills by you in this place as a percentage of kills by you in the entire game.
 C = Kills by friends in this place as a percentage of kills by friends in the entire game.
 D = Other kills in this place as a percentage of other kills in the entire game.
 E = Experience gained in this place as a percentage of experience gained in the entire game.
 F = Experience gained in this place divided by the number of levels of this place that you have seen.
                   A       B       C       D       E      F
               +-------+-------+-------+-------+-------+----------------------
         Total | 100.0 | 100.0 |  -nan |  -nan | 100.0 |  11.0
       Dungeon | 100.0 | 100.0 |  -nan |  -nan | 100.0 |  11.0
               +-------+-------+-------+-------+-------+----------------------
